 Dungeon Crawl Stone Soup version 0.21.1-1-g345015fe64 (webtiles) character file.

148 Knicklaso the Skirmisher (level 5, 0/54 HPs)
             Began as a Troll Chaos Knight on Apr 14, 2018.
             Succumbed to an adder's poison
             ... on level 2 of the Dungeon.
             The game lasted 00:02:40 (1250 turns).

Knicklaso the Skirmisher (Troll Chaos Knight)       Turns: 1250, Time: 00:02:40

Health: 0/54       AC:  7    Str: 20    XL:     5   Next: 8%
Magic:  4/4        EV: 10    Int:  9    God:    Xom [..*...]
Gold:   136        SH:  0    Dex:  9    Spells: 4/4 levels left

rFire    . . .     SeeInvis .   i - +0 giant club
rCold    . . .     Gourm    +   (shield currently unavailable)
rNeg     . . .     Faith    .   a - +2 robe
rPois    .         Spirit   .   (helmet restricted)
rElec    .         Reflect  .   (no cloak)
rCorr    .         Harm     .   (gloves unavailable)
MR       .....                  (boots unavailable)
Stlth    +.........             (no amulet)
HPRegen  0.58/turn              (no ring)
MPRegen  0.09/turn              (no ring)

@: lethally poisoned (0 -> -1)
A: large, unfitting armour, claws 3, fast metabolism 3, gourmand, regeneration
1, shaggy fur 1, tough skin 2
a: Renounce Religion


You were on level 2 of the Dungeon.
You worshipped Xom.
You were a toy of Xom.
You were very full.

You visited 1 branch of the dungeon, and saw 2 of its levels.

You collected 136 gold pieces.

Inventory:

Hand Weapons
 i - a +0 giant club (weapon)
Armour
 a - a +2 robe (worn)
Scrolls
 c - a scroll of blinking {unknown}
 j - a scroll of fog {unknown}
Potions
 d - a potion of lignification {unknown}
 e - a potion of brilliance {unknown}
 g - a potion of invisibility {unknown}
 h - 2 potions of curing {unknown}
Comestibles
 b - 2 rations


   Skills:
 * Level 4.2 Fighting
 + Level 0.1 Maces & Flails
 - Level 1.9 Dodging
 - Level 4.0 Unarmed Combat


You had 4 spell levels left.
You didn't know any spells.

Dungeon Overview and Level Annotations

Branches:
Dungeon (2/15)

Altars:
Ashenzari
Gozag
Ru


Innate Abilities, Weirdness & Mutations

You are too large for most types of armour.
You have claws for hands.
Your metabolism is lightning-fast.
You like to eat raw meat.
Your natural rate of healing is unusually fast.
You are covered in fur. (AC +1)
You have very tough skin. (AC +2)


Message History

The adder is heavily wounded.
The adder closely misses you. The adder bites you.
* * * LOW HITPOINT WARNING * * *
The jackal barks!
You closely miss the adder.
The adder is heavily wounded.
You feel sick. The adder closely misses you. x2
You barely miss the adder.
The adder is heavily wounded.
The jackal bites you but does no damage.
The adder barely misses you. The jackal closely misses you.
The adder bites you.
* * * LOW HITPOINT WARNING * * *
Xom is interested.
You are more poisoned.
The adder poisons you!
You barely miss the adder.
The adder is heavily wounded.
You die...
Xom guffaws!

##...##.......#.##..##...#
##...#.##.##....##.####.#
###.#.##.##..#.##.####..
#........#........##..
#........#...#.....#..
#.....................
#..................##.
#...S....####.........
#..##@h...............
#.###................. #.
#.......###....... #.
#.....####........
#.###......##.....
#.#######......... #.#
#..# #.####.[.. #.# ##.#
#.# #.... #.# #.## ##.#
###..


You could see an adder and a jackal.

Vanquished Creatures
  An ogre (D:2)
  2 adders (D:2)
  An ooze (D:2)
  A worm (D:2)
  2 dart slugs
  2 ball pythons (D:1)
  3 bats
  7 hobgoblins
  3 jackals (D:2)
  4 kobolds (D:1)
  2 quokkas (D:2)
  A frilled lizard (D:1)
  4 rats
33 creatures vanquished.

Vanquished Creatures (others)
  A fungus (D:1)
1 creature vanquished.

Grand Total: 34 creatures vanquished

Notes
Turn   | Place    | Note
-------+----------+-------------------------------------------
     0 | D:1      | Knicklaso the Troll Chaos Knight began the quest for the Orb.
     0 | D:1      | Reached XP level 1. HP: 22/22 MP: 0/0
    39 | D:1      | XOM: divination: detect items
   225 | D:1      | Reached XP level 2. HP: 25/29 MP: 1/1
   693 | D:2      | Found an opulent altar of Gozag.
   734 | D:2      | Reached XP level 3. HP: 37/37 MP: 2/2
   960 | D:2      | Noticed an ogre
   962 | D:2      | Found a sacrificial altar of Ru.
   966 | D:2      | Killed an ogre
   966 | D:2      | Reached XP level 4. HP: 47/48 MP: 3/3
   966 | D:2      | Reached XP level 5. HP: 52/54 MP: 4/4
  1041 | D:2      | Found a shattered altar of Ashenzari.
  1058 | D:2      | XOM: harmless Erth miscast
  1215 | D:2      | XOM: cloud trail
  1234 | D:2      | XOM: mild Erth miscast
  1246 | D:2      | HP: 2/54 [poisoned by an adder]
  1250 | D:2      | Succumbed to an adder's poison

Skill      XL: |  1  2  3 |
---------------+----------+-----
Fighting       | 3 4 |  4.2
Unarmed Combat | 4 |  4.0
Maces & Flails | |  0.1
Dodging        | |  1.9

Action                   |  1- 3 |  4- 6 || total
-------------------------+-------+-------++-------
Melee: Unarmed           |    90 |     4 ||    94
       Giant club        |       |    87 ||    87
 Stab: Sleeping          |     2 |       ||     2
  Eat: Chunk             |    11 |     1 ||    12
       Ration            |     1 |       ||     1
Armor: Robe              |    21 |    73 ||    94
Dodge: Dodged            |    43 |   103 ||   146
